 Dungeon Crawl Stone Soup version 0.20-a0-754-g13ddd6e (webtiles) character file.

310050 Laphicet the Black Belt (level 20, -14/163 HPs)
             Began as a Demonspawn Monk on Feb 25, 2017.
             Was the Champion of Cheibriados.
             Demolished by a vampire knight
             ... wielding a +1 glaive
              (23 damage)
             ... on level 2 of the Vaults.
             The game lasted 02:03:17 (47767 turns).

Laphicet the Black Belt (Demonspawn Monk)          Turns: 47767, Time: 02:03:17

Health: -14/163    AC: 28    Str: 37      XL:     20   Next: 39%
Magic:  0/38       EV: 29    Int: 27 (29) God:    Cheibriados [******]
Gold:   2956       SH:  0    Dex: 31      Spells: 14/47 levels left

rFire    + + +     SeeInvis +     - Unarmed
rCold    + + .     Gourm    .   t - +3 troll leather armour
rNeg     + + .     Faith    .   (no shield)
rPois    +         Spirit   +   (helmet unavailable)
rElec    +         Reflect  .   i - +0 cloak
rCorr    .         Harm     .   Q - +2 pair of gloves
MR       +....     NoTele   +   e - +0 pair of boots
Stlth    +++++.....             H - amulet of regeneration
Regen    1.2/turn               w - ring of positive energy
MPRegen  0.6/turn               Z - ring of Bifoem {-Tele rPois rF+++ Str+6 SInv}

@: very slow
A: antennae 3, thin metallic scales 3, blink, cold resistance 2, dopey 1,
icemail, negative energy resistance 1, screaming 1, electricity resistance,
teleportitis 1, magic shield, magic regeneration, freezing cloud immunity
}: 2/15 runes: decaying, gossamer
a: Blink, Bend Time, Temporal Distortion, Slouch, Step From Time, Renounce
Religion


You were on level 2 of the Vaults.
You worshipped Cheibriados.
Cheibriados was exalted by your worship.
You were not hungry.

You visited 8 branches of the dungeon, and saw 37 of its levels.
You visited the Abyss 1 time.
You also visited: Wizlab.

You collected 4144 gold pieces.
You spent 1188 gold pieces at shops.

Inventory:

Hand Weapons
 Y - the +11 plutonium sword {*Contam Stlth-}
   (You found it in a wizard's laboratory)

   It causes magical contamination when unequipped.
   It makes you less stealthy.
Armour
 e - a +0 pair of boots (worn)
 i - a +0 cloak (worn)
 t - a +3 troll leather armour (worn)
 Q - a +2 pair of gloves (worn)
 W - +2 storm dragon scales {Bai Suzhen}
Jewellery
 q - an uncursed ring of resist corrosion
 w - a ring of positive energy (right hand)
 H - an amulet of regeneration (around neck)
 T - an uncursed ring of poison resistance
 Z - the ring of Bifoem (left hand) {-Tele rPois rF+++ Str+6 SInv}
   (You found it in a wizard's laboratory)

   [ring of see invisible]

   It affects your strength (+6).
   It renders you almost immune to fire.
   It protects you from poison.
   It lets you see invisible.
   It prevents most forms of teleportation.
Wands
 K - a wand of digging (5/24)
 S - a wand of paralysis (10/24)
 U - a wand of confusion (23/48)
Scrolls
 c - 28 scrolls of remove curse
 d - 8 scrolls of amnesia
 g - 6 scrolls of teleportation
 j - a scroll of immolation
 m - 7 scrolls of blinking
 o - 6 scrolls of enchant weapon
 s - 5 scrolls of magic mapping
 v - 5 scrolls of enchant armour
 x - a scroll of summoning
 y - 5 scrolls of identify
 A - 2 scrolls of fear
 F - 3 scrolls of vulnerability
 N - a scroll of torment
 R - 4 scrolls of fog
 V - a scroll of recharging
Potions
 h - 5 potions of agility
 k - 5 potions of ambrosia
 p - 6 potions of flight
 z - 5 potions of resistance
 B - 3 potions of curing
 C - 8 potions of lignification
 D - 2 potions of magic
 I - 3 potions of brilliance
 J - 2 potions of cancellation
 M - a potion of invisibility
Miscellaneous
 L - a fan of gales
Comestibles
 b - 15 bread rations
 f - 13 royal jellies
 l - 12 meat rations
 r - 19 fruits


   Skills:
 - Level 15.6 Fighting
 - Level 7.1 Armour
 - Level 14.4 Dodging
 - Level 10.0 Stealth
 - Level 15.9 Unarmed Combat
 - Level 14.1 Spellcasting
 + Level 5.4 Conjurations
 - Level 4.6 Hexes
 - Level 7.4 Translocations
 + Level 4.6 Ice Magic
 * Level 6.7 Air Magic
 - Level 12.0 Invocations


You had 14 spell levels left.
You knew the following spells:

 Your Spells              Type           Power        Failure   Level  Hunger
a - Airstrike             Air            ######....   1%          4    None
b - Blink                 Tloc           N/A          1%          2    None
c - Confuse               Hex            #####...     1%          3    None
f - Freezing Cloud        Conj/Ice/Air   #####.....   50%         6    ####...
l - Lesser Beckoning      Tloc           ######....   1%          3    None
t - Tukima's Dance        Hex            #####...     1%          3    None
C - Conjure Ball Lightni  Conj/Air       ######....   38%         6    ####...
D - Deflect Missiles      Chrm/Air       #####.....   96%         6    ####...


Dungeon Overview and Level Annotations

Branches:
Dungeon (15/15)            Temple (1/1) D:4            Lair (6/6) D:11
  Swamp (4/4) Lair:4       Spider (4/4) Lair:4        Slime (0/5) Lair:6
    Orc (2/2) D:9             Elf (3/3) Orc:2        Vaults (2/5) D:14
  Crypt (0/3) Vaults:2     Depths (0/5) D:15

Altars:
Ashenzari
Cheibriados
Dithmenos
Elyvilon
Fedhas
Gozag
Hepliaklqana
Kikubaaqudgha
Makhleb
Nemelex Xobeh
Okawaru
Qazlal
Ru
Sif Muna
Trog
Uskayaw
Vehumet
Wu Jian
Xom
Yredelemnul
Zin
The Shining One
Beogh

Shops:
D:5 %   D:8 !   D:9 ?   Orc:2 !=:([

Annotations:
D:5 Prince Ribbit
Swamp:2 Frances


Innate Abilities, Weirdness & Mutations

You have a pair of large antennae on your head. (SInv)
You are completely covered in thin metallic scales. (AC +4, rElec)
Your flesh is very cold resistant. (rC++)
A meltable icy envelope protects you from harm. (AC +10)
You resist negative energy. (rN+)
When hurt, damage is shared between your health and your magic reserves.
You regenerate magic rapidly.
You are immune to freezing clouds.
You can translocate small distances at will.
You are dopey. (Int -2)
You occasionally shout uncontrollably at your foes.
You are resistant to electric shocks. (rElec)
You are occasionally teleported next to monsters.


Message History

The vampire knight hits you with an enchanted glaive!!
* * * LOW HITPOINT WARNING * * *
The vampire knight bites you!
* * * LOW HITPOINT WARNING * * *
You feel much better.
The vampire knight hits you with an enchanted glaive!!
* * * LOW HITPOINT WARNING * * *
The vampire knight completely misses you.
The orc completely misses you.
Okay, then.
Okay, then.
You cannot teleport because you are wearing the ring of Bifoem {-Tele rPois rF+++ Str+6 SInv}.
The vampire knight hits you from afar with an enchanted glaive.
* * * LOW HITPOINT WARNING * * *
The vampire knight completely misses you.
Your icy envelope is restored.
The vampire knight hits you from afar with an enchanted glaive!
* * * LOW HITPOINT WARNING * * *
The vampire knight hits you from afar with an enchanted glaive!!
You die...

.# { { #.....# .# ..{.##.##.....#
.# .. ..#.##.....# .# #.
....##.....# .# . ##.
#...##.....# .# #.. .>
....##.....#...... .# #...
#.##...##.....#.<.... .#
#....#.#....##.....#...... .#
#...oV.@#.##.....#...... .#
.##...).##.##.....#...... .#
#......)....##.....#......
.#################'##.....#......
..........................#))....
..........................').....
..........................#)'####
.................................
.................................


You could see a vampire knight (invisible) and an orc.

Vanquished Creatures
  Bai Suzhen (Vaults:2)
  Saint Roka (Vaults:2)
  A Cloud Mage (WizLab)
  Rupert (Lair:4)
  A tentacled monstrosity (Swamp:4)
  A lich (Abyss:2)
  A sphinx (Vaults:2)
  2 tentacled starspawn (Abyss:2)
  3 thorn hunters
  Donald (Elf:1)
  2 deep elf sorcerers (Elf:1)
  A ghost moth (Spider:4)
  8 emperor scorpions
  A deep elf elementalist (Elf:2)
  2 ironheart preservers
  2 very ugly things (Swamp:4)
  6 entropy weavers
  2 deep elf annihilators
  An ettin (Vaults:2)
  5 deep elf death magi
  Erolcha (D:9)
  A yaktaur captain (D:15)
  2 green deaths (Swamp:4)
  The ghost of Sapher the Fighter, a journeyman GrTm of Wu Jian (Spider:4)
  3 ogre magi
  2 great orbs of eyes
  2 ice dragons (Vaults:1)
  19 hydras
  A spriggan air mage (WizLab)
  2 ghost crabs (Swamp:4)
  2 death knights
  8 alligators
  6 centaur warriors
  20 two-headed ogres
  27 dancing weapons
  4 tengu warriors
  A thrashing horror (Abyss:2)
  An orc high priest (Orc:2)
  20 deep elf knights
  Nergalle (Orc:1)
  A sun demon (Abyss:2)
  A wretched star (Abyss:2)
  A shadow wraith (Abyss:2)
  2 unseen horrors
  A ghost moth zombie (Abyss:2)
  A glowing orange brain (Vaults:1)
  3 ironbrand convokers (Vaults:1)
  2 skeletal warriors
  2 deep trolls (Orc:2)
  A spriggan druid (Swamp:3)
  2 wizards
  2 phantasmal warriors
  12 swamp dragons
  15 deep elf archers
  Pikel (D:6)
  2 shambling mangroves
  5 harpies (Vaults:1)
  8 orc knights
  The ghost of nono the Cutter, a novice VSHu of Wu Jian (D:7)
  28 orb spiders
  51 deep elf magi
  4 orc sorcerers
  27 wolf spiders
  An oklob plant (Lair:6)
  22 ugly things
  3 manticores
  14 cyclopes
  5 moths of wrath
  11 elephants
  3 centaur zombies
  Joseph (D:7)
  A guardian serpent (shapeshifter) (D:15)
  2 smoke demons (Abyss:2)
  4 vault sentinels
  7 black mambas
  An ice statue (Lair:4)
  4 gargoyles
  5 centaur skeletons
  A kobold demonologist (D:14)
  21 spiny frogs
  2 orange demons (Swamp:4)
  3 yaktaurs
  A rime drake (Lair:6)
  An ice devil (Lair:4)
  An efreet (D:12)
  8 komodo dragons
  12 demonic crawlers
  2 freezing wraiths
  A tengu conjurer (D:14)
  6 tyrant leeches
  31 jumping spiders
  7 polar bears
  20 blink frogs
  2 merfolk
  25 hornets
  11 bog bodies
  17 trolls
  11 hippogriffs
  6 wind drakes (WizLab)
  42 slime creatures
  13 dream sheep
  29 air elementals
  A centaur simulacrum (D:11)
  3 wraiths
  98 redbacks
  27 spriggans
  4 shadows
  25 tarantellas
  3 wyverns
  2 water elementals
  2 large abominations (Swamp:4)
  67 yaks
  2 golden eyes (Abyss:2)
  3 steam dragons
  A ynoxinul (Abyss:2)
  3 fire elementals (Elf:1)
  3 hungry ghosts
  A neqoxec (Abyss:2)
  Grum (D:11)
  A basilisk (Lair:3)
  33 vampire mosquitoes
  4 wargs
  11 insubstantial wisps (WizLab)
  14 swamp worms
  A soldier ant (D:13)
  An acid dragon (D:14)
  13 water moccasins
  5 small abominations
  7 porcupines
  Duvessa (D:7)
  6 swamp drakes
  A hornet zombie (D:10)
  32 orc warriors
  3 phantoms
  3 black bears (Lair:6)
  8 ice beasts
  A necrophage (D:10)
  4 sky beasts
  9 boggarts
  38 ogres
  26 wolves
  8 centaurs
  19 crocodiles
  A big kobold (D:12)
  23 bullfrogs
  A wyvern zombie (D:11)
  A gnoll sergeant (D:11)
  2 earth elementals
  Dowan (D:7)
  A water moccasin zombie (D:6)
  2 hornet simulacra
  2 scorpions (D:13)
  15 wights
  14 killer bees
  2 electric eels
  3 howler monkeys
  A human simulacrum (Vaults:1)
  9 crimson imps
  A quasit (D:9)
  A bullfrog zombie (D:11)
  6 hounds
  8 jellies
  13 orc priests
  A gnoll shaman (Orc:1)
  22 orc wizards
  Jessica (D:3)
  3 bullfrog skeletons
  Terence (D:3)
  14 worker ants
  Natasha (thrice) (D:3)
  3 iguanas
  7 hell rats (Lair:3)
  A bullfrog simulacrum (D:11)
  Robin (D:3)
  12 adders
  15 gnolls
  A howler monkey skeleton (D:8)
  A hound simulacrum (D:11)
  7 shadow imps
  4 white imps
  An ufetubus (D:11)
  4 oozes
  2 adder skeletons
  4 worms
  2 dart slugs
  4 leopard geckos
  85 orcs
  3 bats
  2 bat zombies (D:2)
  4 giant cockroaches
  15 goblins
  13 hobgoblins
  6 jackals
  16 kobolds
  3 quokkas
  2 ball pythons
  4 frilled lizards
  2 leopard gecko skeletons
  A leopard gecko zombie (D:6)
  5 rats
  A rat zombie (D:2)
  6 starspawn tentacles (Abyss:2)
1581 creatures vanquished.

Vanquished Creatures (others)
  A deep elf knight (Elf:2)
  2 wind drakes (WizLab)
  A tarantella (Spider:1)
  A fire elemental (Abyss:2)
  2 golden eyes (Abyss:2)
  2 insubstantial wisps (WizLab)
  2 slaves
  An orc (Vaults:1)
  A bat (D:1)
  A goblin (D:1)
  A briar patch (Swamp:2)
  14 fungi
  2 plants
  10 starspawn tentacles (Abyss:2)
  6 toadstools (Swamp:2)
47 creatures vanquished.

Grand Total: 1628 creatures vanquished

Notes
Turn   | Place    | Note
-------+----------+-------------------------------------------
     0 | D:1      | Laphicet the Demonspawn Monk began the quest for the Orb.
     0 | D:1      | Reached XP level 1. HP: 18/18 MP: 1/1
   484 | D:1      | Gained mutation: Your flesh is cold resistant. (rC+) [demonic ancestry]
   484 | D:1      | Reached XP level 2. HP: 12/24 MP: 2/2
  1359 | D:2      | Reached XP level 3. HP: 29/29 MP: 3/3
  3156 | D:2      | Gained mutation: When hurt, damage is shared between your health and your magic reserves. [demonic ancestry]
  3156 | D:2      | Reached XP level 4. HP: 33/35 MP: 4/4
  3181 | D:2      | Found an ancient bone altar of Kikubaaqudgha.
  3442 | D:3      | Noticed Natasha
  3461 | D:3      | Killed Natasha
  3633 | D:3      | Noticed Natasha
  3664 | D:3      | Killed Natasha
  3795 | D:3      | Noticed Jessica
  3814 | D:3      | Killed Jessica
  3814 | D:3      | Reached skill level 1 in Spellcasting
  3814 | D:3      | Reached XP level 5. HP: 35/42 MP: 3/6
  3976 | D:3      | Noticed Natasha
  3993 | D:3      | Killed Natasha
  4379 | D:3      | Noticed Robin
  4405 | D:3      | Killed Robin
  4582 | D:3      | You fall through a shaft for 2 floors!
  4582 | D:5      | Entered Level 5 of the Dungeon
  4850 | D:4      | Found a shattered altar of Ashenzari.
  4873 | D:4      | Reached XP level 6. HP: 40/48 MP: 6/8
  5751 | D:3      | Noticed Terence
  5761 | D:3      | Killed Terence
  5901 | D:4      | Reached skill level 1 in Armour
  6103 | D:4      | Found a bloodstained altar of Trog.
  6472 | D:4      | Gained mutation: You are partially covered in thin metallic scales. (AC +2) [demonic ancestry]
  6472 | D:4      | Reached XP level 7. HP: 52/55 MP: 10/10
  6730 | D:4      | Found a staircase to the Ecumenical Temple.
  6735 | Temple   | Entered the Ecumenical Temple
  6882 | Temple   | Became a worshipper of Cheibriados the Contemplative
  6882 | Temple   | Reached * piety under Cheibriados
  6882 | Temple   | Reached ** piety under Cheibriados
  7092 | D:5      | Reached skill level 1 in Invocations
  7169 | D:5      | Found a shadowy altar of Dithmenos.
  7541 | D:5      | Noticed Prince Ribbit
  7804 | D:5      | Found Zadix's Food Shoppe.
  7894 | D:5      | Found a deep blue altar of Sif Muna.
  8095 | D:6      | Reached skill level 5 in Fighting
  8179 | D:6      | Gained mutation: You are immune to freezing clouds. [demonic ancestry]
  8179 | D:6      | Reached XP level 8. HP: 22/62 MP: 5/12
  9016 | D:6      | Reached skill level 5 in Unarmed Combat
  9235 | D:6      | Reached *** piety under Cheibriados
  9522 | D:6      | Found an opulent altar of Gozag.
  9775 | D:6      | Reached skill level 5 in Dodging
 10126 | D:7      | Noticed nono's ghost (novice VSHu)
 10142 | D:6      | Gained mutation: You are mostly covered in thin metallic scales. (AC +3) [demonic ancestry]
 10142 | D:6      | Reached XP level 9. HP: 34/69 MP: 7/14
 10472 | D:6      | Reached skill level 5 in Stealth
 11181 | D:7      | Reached skill level 5 in Invocations
 11580 | D:7      | Noticed Pikel
 11608 | D:6      | Killed Pikel
 11766 | D:7      | Killed nono's ghost
 12052 | D:7      | Noticed Dowan
 12053 | D:7      | Noticed Duvessa
 12073 | D:7      | Killed Duvessa
 12095 | D:7      | Killed Dowan
 12236 | D:7      | Noticed Joseph
 12528 | D:7      | Killed Joseph
 12528 | D:7      | Gained mutation: A meltable icy envelope protects you from harm. (AC +10) [demonic ancestry]
 12528 | D:7      | Reached XP level 10. HP: 15/77 MP: 1/16
 13057 | D:8      | Found a hazy altar of Hepliaklqana.
 13081 | D:8      | Reached **** piety under Cheibriados
 13156 | D:8      | Found Qybain's Distillery.
 13183 | D:8      | Bought a potion of mutation for 120 gold pieces
 13183 | D:8      | Bought a potion of mutation for 120 gold pieces
 13184 | D:8      | Gained mutation: You have large cloven feet. [potion of mutation]
 13184 | D:8      | Gained mutation: You have hoof-like feet. [potion of mutation]
 13185 | D:8      | Lost mutation: You have hoof-like feet. [potion of mutation]
 13185 | D:8      | Lost mutation: You have large cloven feet. [potion of mutation]
 13185 | D:8      | Gained mutation: You have a pair of small horns on your head. [potion of mutation]
 13185 | D:8      | Gained mutation: You possess an exceptional clarity of mind. [potion of mutation]
 13185 | D:8      | Gained mutation: Your spells are a little harder to cast, but a little more powerful. [potion of mutation]
 13894 | D:9      | Found Osijais's Magic Scroll Boutique.
 13900 | D:9      | Noticed Erolcha
 13921 | D:9      | Killed Erolcha
 13921 | D:9      | Reached skill level 5 in Spellcasting
 14043 | D:9      | Bought a scroll of blinking for 105 gold pieces
 14043 | D:9      | Bought a scroll of identify for 28 gold pieces
 14043 | D:9      | Bought a scroll of identify for 28 gold pieces
 14043 | D:9      | Bought a scroll of identify for 28 gold pieces
 14069 | D:9      | Noticed a red ugly thing
 14087 | D:9      | Killed a red ugly thing
 14147 | D:9      | Noticed a cyclops
 14162 | D:9      | Killed a cyclops
 14162 | D:9      | Reached skill level 5 in Armour
 14554 | D:9      | Reached XP level 11. HP: 74/84 MP: 16/19
 14690 | D:9      | Found a staircase to the Orcish Mines.
 14827 | D:9      | Reached ***** piety under Cheibriados
 15069 | Orc:1    | Entered Level 1 of the Orcish Mines
 15088 | Orc:1    | Noticed Nergalle
 15104 | Orc:1    | Killed Nergalle
 15648 | Orc:2    | Entered Level 2 of the Orcish Mines
 15691 | Orc:2    | Found Dehelel's Antique Armour Shoppe.
 15693 | Orc:2    | Noticed an orc sorcerer
 15760 | Orc:1    | Killed an orc sorcerer
 15869 | Orc:2    | Noticed a deep troll
 15871 | Orc:2    | Noticed a two-headed ogre
 15875 | Orc:2    | Noticed a two-headed ogre
 15896 | Orc:2    | Killed a two-headed ogre
 15949 | Orc:2    | Noticed a two-headed ogre
 15960 | Orc:2    | Noticed an ogre mage
 15960 | Orc:2    | Killed a two-headed ogre
 15963 | Orc:2    | an ogre mage changed into a merfolk
 16157 | Orc:2    | Killed a deep troll
 16297 | Orc:2    | Noticed an ogre mage
 16298 | Orc:2    | Noticed a two-headed ogre
 16310 | Orc:2    | Killed a two-headed ogre
 16310 | Orc:2    | Reached XP level 12. HP: 53/94 MP: 9/21
 16324 | Orc:2    | Paralysed by an ogre mage for 2 turns
 16327 | Orc:2    | Killed an ogre mage
 16574 | Orc:2    | Noticed a two-headed ogre
 16585 | Orc:2    | Killed a two-headed ogre
 16609 | Orc:2    | Noticed a two-headed ogre
 16617 | Orc:2    | Noticed a two-headed ogre
 16627 | Orc:2    | Killed a two-headed ogre
 16637 | Orc:2    | Killed a two-headed ogre
 16925 | Orc:2    | Found Weakhypn's Jewellery Emporium.
 17021 | Orc:2    | Killed a two-headed ogre
 17021 | Orc:2    | Reached skill level 10 in Invocations
 17033 | Orc:2    | Found Yzalooma's Antique Weapon Shop.
 17038 | Orc:2    | Found Eraluuv's Distillery.
 17039 | Orc:2    | Found Waong's Book Shoppe.
 17052 | Orc:2    | Bought a potion of agility for 56 gold pieces
 17052 | Orc:2    | Bought a potion of heal wounds for 70 gold pieces
 17052 | Orc:2    | Bought a potion of heal wounds for 70 gold pieces
 17052 | Orc:2    | Bought a potion of resistance for 140 gold pieces
 17052 | Orc:2    | Bought a potion of heal wounds for 70 gold pieces
 17052 | Orc:2    | Bought a potion of might for 56 gold pieces
 17052 | Orc:2    | Bought a potion of curing for 42 gold pieces
 17106 | Orc:2    | Found a staircase to the Elven Halls.
 17128 | Orc:2    | Noticed a two-headed ogre
 17162 | Orc:2    | Killed a two-headed ogre
 17397 | Orc:2    | Bought a pair of embroidered boots for 255 gold pieces
 17407 | Orc:2    | Identified a +1 pair of boots of running (You bought it in a shop on level 2 of the Orcish Mines)
 17518 | Orc:2    | Noticed an orc high priest
 17528 | Orc:2    | Killed an orc high priest
 17529 | Orc:2    | Found a roughly hewn altar of Beogh.
 17914 | Orc:2    | Paralysed by an orc sorcerer for 4 turns
 17921 | Orc:2    | Paralysed by an orc sorcerer for 5 turns
 18323 | D:10     | Entered Level 10 of the Dungeon
 18323 | D:10     | Noticed a two-headed ogre
 18332 | D:10     | Killed a two-headed ogre
 18815 | D:10     | Lost mutation: You have a pair of small horns on your head. [demonic ancestry]
 18815 | D:10     | Gained mutation: You have a pair of small antennae on your head. [demonic ancestry]
 18815 | D:10     | Reached XP level 13. HP: 88/101 MP: 20/24
 19070 | D:11     | Identified a scroll of acquirement
 19155 | D:11     | Noticed Grum
 19176 | D:11     | Killed Grum
 19208 | D:11     | Got an iridescent whip
 19328 | D:11     | Found a staircase to the Lair.
 19807 | D:11     | Reached ****** piety under Cheibriados
 19974 | Lair:1   | Entered Level 1 of the Lair of Beasts
 20258 | Lair:1   | Reached skill level 10 in Fighting
 20993 | Lair:2   | Lost mutation: You possess an exceptional clarity of mind. [potion of mutation]
 20993 | Lair:2   | Lost mutation: Your spells are a little harder to cast, but a little more powerful. [potion of mutation]
 20993 | Lair:2   | Gained mutation: You expend magic power (3 MP) to strengthen your wands. [potion of mutation]
 20993 | Lair:2   | Gained mutation: You evolve. [potion of mutation]
 20993 | Lair:2   | Gained mutation: You are completely covered in thin metallic scales. (AC +4, rElec) [potion of mutation]
 21705 | Lair:2   | Gained mutation: You are clumsy. (Dex -2) [evolution]
 22330 | Lair:3   | Reached skill level 10 in Stealth
 22466 | Lair:3   | Gained mutation: You resist negative energy. (rN+) [demonic ancestry]
 22466 | Lair:3   | Reached XP level 14. HP: 67/111 MP: 12/26
 23536 | Lair:4   | Reached skill level 10 in Unarmed Combat
 23593 | Lair:4   | Found a staircase to the Swamp.
 23666 | Lair:4   | Noticed Rupert
 23687 | Lair:4   | Killed Rupert
 23759 | Lair:4   | Gained mutation: You have large cloven feet. [evolution]
 23848 | Lair:4   | Found a hole to the Spider Nest.
 23987 | Swamp:1  | Entered Level 1 of the Swamp
 24172 | Lair:5   | Got a smelly leather armour
 24173 | Lair:5   | Identified the +1 leather armour of the Lute {rCorr} (You found it on level 5 of the Lair of Beasts)
 25262 | Lair:6   | Entered Level 6 of the Lair of Beasts
 25280 | Lair:6   | Reached skill level 10 in Dodging
 25300 | Lair:6   | Found a staircase to the Slime Pits.
 25795 | Lair:6   | Paralysed by a hornet for 3 turns
 25859 | Lair:6   | Paralysed by a hornet for 1 turns
 26175 | Lair:6   | Found a stormy altar of Qazlal.
 26295 | Lair:6   | Lost mutation: You are clumsy. (Dex -2) [evolution]
 26608 | Lair:4   | Mutation became permanent: You are completely covered in thin metallic scales. (AC +4, rElec) [demonic ancestry]
 26608 | Lair:4   | Reached XP level 15. HP: 104/119 MP: 22/28
 26890 | Lair:1   | Learned a level 3 spell: Dazzling Spray
 26894 | Lair:1   | Learned a level 3 spell: Tukima's Dance
 26970 | Lair:1   | Learned a level 3 spell: Confuse
 27100 | D:12     | Reached skill level 10 in Spellcasting
 27297 | D:12     | Reached skill level 1 in Hexes
 28418 | D:14     | Found a gate to the Vaults.
 28472 | D:14     | Gained mutation: You can translocate small distances at will. [mutagenic meat]
 28473 | D:14     | Gained mutation: You passively map a small area around you. [mutagenic meat]
 28474 | D:14     | Gained mutation: Your flesh is very cold resistant. (rC++) [mutagenic meat]
 28475 | D:14     | Gained mutation: You are occasionally teleported next to monsters. [mutagenic meat]
 28476 | D:14     | Gained mutation: You are dopey. (Int -2) [mutagenic meat]
 28478 | D:14     | Gained mutation: You have hoof-like feet. [mutagenic meat]
 29181 | D:15     | Entered Level 15 of the Dungeon
 29789 | D:15     | Found a staircase to the Depths.
 30351 | Spider:1 | Entered Level 1 of the Spider Nest
 30370 | Spider:1 | Reached XP level 16. HP: 129/129 MP: 31/31
 31182 | Swamp:1  | Noticed a thorn hunter
 31444 | Swamp:1  | Lost mutation: You expend magic power (3 MP) to strengthen your wands. [evolution]
 32271 | Swamp:2  | Noticed a thorn hunter
 32302 | Swamp:2  | Killed a thorn hunter
 32533 | Swamp:2  | Killed a thorn hunter
 32696 | Swamp:2  | Noticed Frances
 32914 | Swamp:2  | Lost mutation: You evolve. [mutagenic meat]
 32915 | Swamp:2  | Lost mutation: You have hoof-like feet. [mutagenic meat]
 32917 | Swamp:2  | Lost mutation: You have large cloven feet. [mutagenic meat]
 33979 | Swamp:4  | Entered Level 4 of the Swamp
 34027 | Swamp:4  | Noticed a thorn hunter
 34046 | Swamp:4  | Killed a thorn hunter
 34146 | Swamp:4  | Noticed a tentacled monstrosity
 34146 | Swamp:4  | Gained mutation: You have a pair of antennae on your head. [demonic ancestry]
 34146 | Swamp:4  | Reached XP level 17. HP: 126/137 MP: 28/32
 34684 | Swamp:4  | Killed a tentacled monstrosity
 34921 | Swamp:4  | Gained mutation: You occasionally shout uncontrollably at your foes. [mutagenic meat]
 34922 | Swamp:4  | Gained mutation: You are resistant to electric shocks. (rElec) [mutagenic meat]
 34923 | Swamp:4  | Lost mutation: You passively map a small area around you. [mutagenic meat]
 34972 | Swamp:4  | Got a decaying rune of Zot
 35621 | Lair:1   | Learned a level 3 spell: Lesser Beckoning
 35624 | Lair:1   | Learned a level 2 spell: Blink
 35772 | Spider:1 | Reached skill level 1 in Translocations
 36246 | Spider:1 | Got a pair of spiked gloves
 36257 | Spider:1 | Identified the +0 pair of gloves of Daisies {rPois rF+ Slay-4} (You found it on level 1 of the Spider Nest)
 37400 | Spider:2 | Got a warped ring mail
 37401 | Spider:2 | Identified the cursed +0 ring mail "Cyump" {Stlth+} (You found it on level 2 of the Spider Nest)
 39143 | Spider:4 | Entered Level 4 of the Spider Nest
 39278 | Spider:4 | Reached XP level 18. HP: 110/146 MP: 19/34
 39383 | Spider:4 | Noticed Sapher's ghost (journeyman GrTm)
 39408 | Spider:4 | Killed Sapher's ghost
 40766 | Spider:4 | Reached skill level 15 in Unarmed Combat
 40944 | Spider:4 | Got a gossamer rune of Zot
 41317 | Elf:1    | Entered Level 1 of the Elven Halls
 41437 | Elf:1    | Noticed Donald
 41464 | Elf:1    | Killed Donald
 41496 | Elf:1    | Got a faintly humming shield {Donald}
 41502 | Elf:1    | Identified the cursed -2 shield of Poor Excuses {rF- rN+++ MR- rCorr} (You took it off Donald on level 1 of the Elven Halls)
 41528 | Elf:1    | Reached skill level 5 in Translocations
 41993 | Elf:1    | Reached skill level 15 in Fighting
 42148 | Elf:1    | Cast into level 2 of the Abyss (a deep elf sorcerer)
 42394 | Abyss:2  | Paralysed by a great orb of eyes for 7 turns
 42501 | Abyss:2  | Noticed a lich
 42511 | Abyss:2  | Killed a lich
 42612 | Abyss:2  | Gained mutation: You regenerate magic rapidly. [demonic ancestry]
 42612 | Abyss:2  | Reached XP level 19. HP: 132/155 MP: 27/36
 42614 | Elf:1    | Escaped the Abyss
 43178 | Elf:2    | Found a huge runed gate.
 43178 | Elf:2    | Found a huge runed gate.
 43178 | Elf:2    | Found a huge runed gate.
 43179 | Elf:2    | Found a huge runed gate.
 43180 | Elf:2    | Found a huge runed gate.
 44277 | Elf:3    | Entered Level 3 of the Elven Halls
 44324 | Elf:3    | Found a magical portal.
 44329 | WizLab   | Entered The Chambers of the Cloud Mage
 44799 | WizLab   | Noticed Xatoulo
 44815 | WizLab   | Killed Xatoulo the Cloud Mage
 44884 | WizLab   | Got a clouded ivory ring
 44885 | WizLab   | Identified the Tome of Feathers
 44889 | WizLab   | Identified Xaqaciep's Guide on Weightlessness
 44891 | WizLab   | Identified the ring of Bifoem {-Tele rPois rF+++ Str+6 SInv} (You found it in a wizard's laboratory)
 44927 | WizLab   | Learned a level 4 spell: Airstrike
 44935 | WizLab   | Learned a level 6 spell: Conjure Ball Lightning
 44942 | WizLab   | Learned a level 6 spell: Deflect Missiles
 44949 | WizLab   | Learned a level 6 spell: Freezing Cloud
 45483 | Vaults:1 | Entered Level 1 of the Vaults
 45583 | Vaults:1 | Reached skill level 1 in Conjurations
 45648 | Vaults:1 | Reached skill level 1 in Ice Magic
 45657 | Vaults:1 | Reached skill level 1 in Air Magic
 46241 | Vaults:1 | Gained mutation: You have a pair of large antennae on your head. (SInv) [demonic ancestry]
 46241 | Vaults:1 | Reached XP level 20. HP: 119/163 MP: 38/38
 46727 | Vaults:2 | Noticed Bai Suzhen
 46745 | Vaults:2 | Killed Bai Suzhen
 46745 | Vaults:2 | Reached skill level 5 in Air Magic
 47437 | Vaults:2 | Reached skill level 5 in Conjurations
 47703 | Vaults:2 | Found a staircase to the Crypt.
 47737 | Vaults:2 | Noticed Saint Roka
 47756 | Vaults:2 | Killed Saint Roka
 47767 | Vaults:2 | Demolished by a vampire knight

Vault maps used:
D:1:      minmay_arrival_checkered_box, fountainhead, minmay_strange_pillars,
          lemuel_old_faithful
D:2:      lemuel_zombie_altar_kikubaaqudgha
D:3:      uniq_robin, uniq_jessica, uniq_terence, uniq_natasha
D:4:      overflow_temple_1_default, ashenzari_conservatory_becter,
          temple_doors_ab, serial_glass, glass_columns_a, glass_columns_c
D:5:      grunt_dithmenos_shadows, serial_shops, shop, first_bread,
          led_sif_pool, uniq_prince_ribbit1
D:6:      kennysheep_steamy, grunt_gozag_statues
D:7:      uniq_pikel, uniq_duvessa, uniq_joseph
D:8:      lemuel_round_altar, serial_shops, shop, mrwooster_statue_mirror,
          moated_statue
D:9:      erik_orc_1, serial_shops, shop, uniq_erolcha
D:10:     hangedman_fish_farm
D:11:     lair_entry_dummy, serial_ice, serial_ice_n, serial_ice_j,
          serial_ice_a, serial_ice_d, grunt_ministairs_12, uniq_grum
D:14:     erik_vaults_1
D:15:     grunt_enter_depths_snipers
Temple:   nicolae_temple_elliptical
Lair:1:   guppyfry_lair_drakes
Lair:4:   swamp_mist, nicolae_spider_entry_orb_guardian, minivault_11,
          ice2_lemuel, uniq_rupert
Lair:5:   serial_bayou_pond_a
Lair:6:   minmay_lair_end_enchanted_forest, nicolae_slime_entry_slimehenge,
          basic_altar, grunt_megastairs_2
Swamp:1:  evilmike_swamp_ruin_house_3
Swamp:2:  cheibrodos_swamp_tower_of_moss, evilmike_swamp_ruin_rubble_2,
          uniq_frances
Swamp:3:  evilmike_swamp_ruin_house_1
Swamp:4:  swamp_vile
Spider:1: spider_trap
Spider:4: grunt_spider_rune_circles, guppyfry_spider_mini_1
Orc:1:    uniq_nergalle
Orc:2:    st_orc_open, serial_shops, shop, kennysheep_orc_chapel
Elf:1:    elf_arrival_001, hangedman_corner_corridor, uniq_donald
Elf:2:    nicolae_elf_glass_and_crystal_pillar_1, dk_noncrumbling_4
Elf:3:    elf_hall, infiniplex_enter_wizlab_spiral, item_on_display_a
Vaults:1: ontoclasm_vaults_shuriken, vaults_room_large_hall,
          hangedman_vaults_nails, v_pattern_4, grunt_vaults_bifocal, v_misc_3,
          vaults_dpeg_doors, v_misc_10, vaults_room_pool,
          nicolae_vaults_know_your_exits, hangedman_vaults_stitches
Vaults:2: nicolae_vaults_asterisk, minmay_crypt_entry_simple_corners,
          hangedman_vaults_stream, v_misc_17, nicolae_vaults_little_squares_6,
          nicolae_vaults_theta, v_misc_8, ontoclasm_vaults_decontamination,
          uniq_saint_roka, uniq_bai_suzhen
Abyss:2:  hangedman_abyss_or_decor_lesser_grid
WizLab:   wizlab_cloud

Skill      XL: |  1  2  3  4  5  6  7  8  9 10 11 12 13 14 15 16 17 18 19 20 |
---------------+-------------------------------------------------------------+-----
Unarmed Combat | 3 4 5 6 7 8 9 11 12 13 14 15 | 15.9
Dodging        | 3 4 5 6 7 8 9 10 11 12 13 14 | 14.4
Stealth        | 2 3 4 5 6 7 8 10 | 10.0
Spellcasting   | 1 2 3 4 5 6 7 8 9 11 12 13 14 | 14.1
Fighting       | 4 5 6 7 8 9 10 11 12 13 14 15 | 15.6
Armour         | 1 2 3 4 5 6 7 |  7.1
Invocations    | 2 4 6 7 9 10 12 | 12.0
Hexes          | 4 |  4.6
Translocations | 3 5 7 |  7.4
Conjurations   | 3 5 |  5.4
Ice Magic      | 2 4 |  4.6
Air Magic      | 4 6 |  6.7

Action                   |  1- 3 |  4- 6 |  7- 9 | 10-12 | 13-15 | 16-18 | 19-21 || total
-------------------------+-------+-------+-------+-------+-------+-------+-------++-------
Melee: Unarmed           |   203 |   349 |   612 |   872 |  2117 |  2195 |  1102 ||  7450
       Punch             |     2 |     1 |    17 |    51 |   235 |   333 |   172 ||   811
       Dagger            |       |     7 |       |       |       |       |       ||     7
       Headbutt          |       |       |       |   325 |       |       |       ||   325
       Scimitar          |       |       |       |       |     8 |       |       ||     8
 Cast: Confuse           |       |       |       |       |       |    48 |       ||    48
       Lesser Beckoning  |       |       |       |       |       |     4 |     5 ||     9
       Blink             |       |       |       |       |       |     3 |       ||     3
Invok: Bend Time         |       |       |     9 |    13 |     5 |    11 |     6 ||    44
       Temporal Distorti |       |       |     1 |       |       |       |       ||     1
       Slouch            |       |       |       |     5 |    12 |    26 |    15 ||    58
Evoke: Wand              |       |       |       |     9 |     1 |    15 |       ||    25
       Fan of gales      |       |       |       |       |       |       |     1 ||     1
  Use: Potion            |     1 |       |     7 |     3 |    10 |     9 |     1 ||    31
       Scroll            |       |     5 |     5 |     6 |    22 |    23 |     8 ||    69
 Stab: Sleeping          |     5 |     3 |       |     5 |    44 |    14 |     9 ||    80
       Confused          |       |       |       |     2 |       |    29 |       ||    31
       Distracted        |       |       |       |     1 |     8 |    10 |     2 ||    21
       Invisible         |       |       |       |     1 |       |       |       ||     1
       Paralysed         |       |       |       |       |       |     4 |       ||     4
  Eat: Chunk             |     7 |    11 |     8 |    14 |    30 |    23 |     9 ||   102
       Royal jelly       |       |       |     1 |       |       |     1 |       ||     2
       Meat ration       |       |       |       |       |     1 |     3 |     1 ||     5
Armor: Robe              |    19 |    29 |       |       |       |       |       ||    48
       Scale mail        |       |    59 |    12 |       |       |       |       ||    71
       Chain mail        |       |       |   294 |   332 |       |       |       ||   626
       Skin              |       |       |     5 |       |       |       |       ||     5
       Troll leather arm |       |       |       |    61 |   739 |  1010 |   412 ||  2222
Dodge: Dodged            |   128 |   195 |   328 |   733 |  2504 |  3234 |  1630 ||  8752
